cohdb
Replays
Latest Replays
All Replays
Popular Replays
Top Player Replays
Match Explorer
How It Works
Community
CoH3 Stats
Reddit
Sign in to upload your games and track your stats! →
Sign in with Steam
Match 43692770
Unlisted
Match 43692770
Overview
Messages
Build Orders
End
Engineer Squad
Selects Airborne Battlegroup
Selects Heavy Machine Gun Paradrop
Heavy Machine Gun Paradrop
Construct Barracks
Riflemen Squad
Riflemen Squad
M1 Mortar Team
Air Support Center
Selects Paratrooper Squad Paradrop
P-47 Dive Bomb
M1918 Browning Automatic Rifles
Paratrooper Squad Paradrop
Selects Recon Loiter
Construct Medical Station
Construct Medical Station
Engineer Squad
P-47 Strafing Run
Paratrooper Squad Paradrop
Selects Supply Drop
Riflemen Squad
Supply Drop
P-47 Strafing Run
Construct Tank Depot
P-47 Dive Bomb
M4A1 Sherman Medium Tank
HURON
StormblasT
JackCoded
MadMan
Fratley
IronDragon
skyhawkfranky
Cicero_540
0
0
Comments
sign in to comment!
No comments posted yet!